 Dungeon Crawl Stone Soup version 0.31.0-12-g77e489cdc1 (webtiles) character file.

Game seed: 7273301996307622761

4769 KhanShotFirst the Thaumaturge (level 10, -27/64 HPs)
             Began as a Djinni Earth Elementalist on Feb 20, 2024.
             Was an Elder of Makhleb.
             Killed from afar by an acid dragon (30 damage)
             ... with a splash of acid
             ... on level 8 of the Dungeon.
             The game lasted 00:58:36 (8932 turns).

KhanShotFirst the Thaumaturge (DjEE)                Turns: 8932, Time: 00:58:38

Health: -27/64     AC: 10    Str: 11    XL:     10   Next: 75%
Gold:   349        EV: 13    Int: 24    God:    Makhleb [****..] SH:  0 Dex: 13

rFire   + + +        v - +5 flail
rCold   x . .        (no shield)
rNeg    . . .        r - +1 robe {rF+}
rPois   ∞            q - +1 helmet
rElec   .            e - +0 cloak
rCorr   .            (no gloves)
SInv    .            (boots unavailable)
Will    +....        (no amulet)
Stlth   +++          c - +6 ring of intelligence
HPRegen 0.30/turn    n - +4 ring of protection
MPRegen 0.00/turn

%: infuse magic (-28 HP)
@: flying
A: sickness immunity, fire resistance 2, cold vulnerability 1, float, innate
caster, HP casting, extra vitality 1
a: Renounce Religion, Minor Destruction, Lesser Servant of Makhleb, Major
Destruction


You were on level 8 of the Dungeon.
You worshipped Makhleb.
Makhleb was greatly pleased with you.
You visited 1 branch of the dungeon, and saw 8 of its levels.
You also visited: Ossuary.

You collected 484 gold pieces.
You spent 135 gold pieces at shops.

Inventory:

Hand Weapons
 d - a +3 hand axe
 s - a +2 dagger of venom
 v - a +5 flail (weapon)
 J - a +4 battleaxe
Missiles
 u - a throwing net
Armour
 e - a +0 cloak (worn)
 q - a +1 helmet (worn)
 r - a +1 robe of fire resistance (worn)
Jewellery
 c - a +6 ring of intelligence (left hand)
 n - a +4 ring of protection (right hand)
Wands
 i - a wand of roots (19)
 w - a wand of digging (2)
 H - a wand of polymorph (4)
Scrolls
 a - a scroll of torment {unknown}
 f - 2 scrolls of fear
 k - 2 scrolls of enchant armour
 p - a scroll of teleportation
 x - a scroll of brand weapon {unknown}
 F - a scroll of amnesia {unknown}
Potions
 b - 5 potions of invisibility
 g - a potion of attraction
 h - 2 potions of heal wounds {unknown}
 j - a potion of ambrosia
 l - a potion of cancellation
 m - 2 potions of haste
 o - a potion of lignification
 t - 2 potions of enlightenment
 z - 2 potions of mutation
 A - a potion of magic {unknown}
 B - 3 potions of curing
 C - a potion of might {unknown}
 D - a potion of berserk rage {unknown}
 E - 5 potions of brilliance
 I - a potion of degeneration {unknown}


   Skills:
 + Level 1.9 Fighting
 + Level 4.4 Dodging
 + Level 4.5 Stealth
 * Level 11.2 Spellcasting
 * Level 11.2 Conjurations
 * Level 11.2 Hexes
 * Level 11.2 Summonings
 * Level 11.2 Necromancy
 * Level 11.2 Translocations
 * Level 11.2 Fire Magic
 * Level 11.2 Ice Magic
 * Level 11.2 Air Magic
 * Level 11.2 Earth Magic
 * Level 11.2 Alchemy


You knew the following spells:

 Your Spells              Type           Power      Damage    Failure   Level
a - Sandblast             Erth           100%       2d20      1%          1
b - Passwall              Erth           61%        N/A       1%          3
c - Stone Arrow           Conj/Erth      100%       3d13      1%          3
d - Petrify               Alch/Erth      61%        N/A       1%          4
e - Brom's Barrelling Bo  Conj/Erth      61%        2d8       1%          4
f - Shock                 Conj/Air       100%       1d9       1%          1
g - Jinxbite              Hex            100%       N/A       1%          2
h - Vampiric Draining     Necr           61%        2d10      1%          3
i - Dimensional Bullseye  Hex/Tloc       30%        N/A       1%          4
Your spell library was empty.

Dungeon Overview and Level Annotations

Branches:
Dungeon (8/15)             Temple (0/1) D:4         Ossuary (visited)
   Lair: D:8-11

Altars:
Ashenzari
Elyvilon
Fedhas
Gozag
Makhleb
Nemelex Xobeh
Uskayaw
Yredelemnul
Zin

Shops:
D:7 :   D:8 (*(

Annotations:
D:8 Jeremiah


Innate Abilities, Weirdness & Mutations

You are immune to sickness and miasma.
You are immune to poison.
Your flesh is very heat resistant. (rF++)
You are vulnerable to cold. (rC-)
You float through the air rather than walking.
You learn spells naturally, not from books.
Your magical power is your life essence.
You have superior vitality. (+4 MHP)


Message History

Confirm with . or Enter, or press ? or * to list all spells.
Aiming: Vampiric Draining (safe; 1% risk of failure)
Press: ? - help, Shift-Dir - straight line, f - killer bee
Aim: a killer bee (almost dead)
You draw life force from the killer bee.
You kill the killer bee!
Makhleb accepts your kill.
You feel better.
You feel life coursing into your body. The killer bee misses you.
The killer bee barely misses you.
Casting: Vampiric Draining (safe; 1% risk of failure)
Confirm with . or Enter, or press ? or * to list all spells.
Aiming: Vampiric Draining (safe; 1% risk of failure)
Press: ? - help, Shift-Dir - straight line, f - killer bee
Aim: a killer bee (lightly wounded)
You draw life force from the killer bee.
You feel life coursing into your body.
* * * LOW HITPOINT WARNING * * *
The killer bee stings you.
* * * LOW HITPOINT WARNING * * *
The killer bee stings you!
* * * LOW HITPOINT WARNING * * *
Casting: Vampiric Draining (safe; 1% risk of failure)
Confirm with . or Enter, or press ? or * to list all spells.
Aiming: Vampiric Draining (safe; 1% risk of failure)
Press: ? - help, Shift-Dir - straight line, f/p - killer bee
Aim: a killer bee (heavily wounded)
You draw life force from the killer bee!
You kill the killer bee!
Makhleb accepts your kill.
You feel life coursing into your body.
* * * LOW HITPOINT WARNING * * *
Jeremiah hops!
An acid dragon comes into view.
The acid dragon roars!
Jeremiah mumbles a slurred invocation.
Something smites you!
* * * LOW HITPOINT WARNING * * *
The acid dragon spits acid at you. The splash of acid hits you!!
You die...

#D## # #...# .
.##...# .... ...P.#
.... # #.P.# ##....
#°## #.P.###...#
.bbb.#bP:##..#.#
#|Fb†.@...#.#########
###b.........#.).††.#
#.♣..........####.#
#..♣.........∩# #>##
....♣....(.....# #..#
###..♣b.........#
##.# #............##
#.## .......##...##
#... .#._..###..##
####


You could see Jeremiah and an acid dragon (catching breath).

Vanquished Creatures
  An ugly thing (D:7)
  3 water moccasins
  Duvessa (D:5)
  A black bear (D:4)
  A sky beast (D:6)
  An ice beast (D:7)
  An ogre (D:6)
  An orc warrior (D:7)
  A phantom (D:7)
  6 centaurs
  2 bullfrogs (D:7)
  7 scorpions
  7 wights
  Dowan (D:5)
  10 killer bees (D:8)
  2 howler monkeys (D:7)
  An electric eel (D:6)
  2 centaur zombies (Ossuary)
  7 human zombies (Ossuary)
  4 hounds
  2 orc priests (D:6)
  2 gnoll boudas (D:5)
  Natasha (D:4)
  A sleepcap (D:5)
  3 iguanas
  6 scorpion zombies (Ossuary)
  4 orc wizards
  3 mummies (Ossuary)
  6 adders
  12 gnolls
  A shadow imp (D:6)
  3 white imps
  2 ufetubi (D:5)
  2 adder zombies (Ossuary)
  2 dart slugs
  15 orcs
  2 bats
  8 endoplasms
  4 giant cockroaches
  A gnoll zombie (Ossuary)
  15 goblins
  12 hobgoblins
  4 jackals (D:4)
  6 kobolds
  3 quokkas
  13 ball pythons
  A ball python zombie (Ossuary)
  5 frilled lizards
  A jackal zombie (Ossuary)
  8 rats
208 creatures vanquished.

Vanquished Creatures (collateral kills)
  A black bear (D:6)
  A scorpion (Ossuary)
  A wight (D:8)
  22 boulders
25 creatures vanquished.

Vanquished Creatures (others)
  49 boulders
49 creatures vanquished.

Grand Total: 282 creatures vanquished

Notes
Turn   | Place    | Note
-------+----------+-------------------------------------------
     0 | D:1      | KhanShotFirst the Djinni Earth Elementalist began the quest
                  | for the Orb.
     0 | D:1      | KhanShotFirst set off with the following spells memorised:
                  | Sandblast, Passwall, Stone Arrow, Petrify, Brom's
                  | Barrelling Boulder.
     0 | D:1      | Reached XP level 1. HP: 15/15 MP: 0/0
   369 | D:1      | Reached XP level 2. HP: 19/21 MP: 0/0
  1158 | D:2      | Found a burning altar of Makhleb.
  1169 | D:2      | Reached XP level 3. HP: 24/25 MP: 0/0
  1169 | D:2      | Learned a level 1 spell: Shock
  1169 | D:2      | Became a worshipper of Makhleb the Destroyer
  1611 | D:2      | Reached XP level 4. HP: 28/31 MP: 0/0
  1804 | D:2      | Reached * piety under Makhleb
  2187 | D:3      | Found a white marble altar of Elyvilon.
  2231 | D:3      | Reached XP level 5. HP: 33/35 MP: 0/0
  2231 | D:3      | Learned a level 2 spell: Jinxbite
  2796 | D:4      | Noticed Natasha
  2811 | D:4      | Found a burning altar of Makhleb.
  2961 | D:4      | Noticed a black bear
  2970 | D:4      | Killed a black bear
  2971 | D:4      | Reached XP level 6. HP: 29/40 MP: 0/0
  3112 | D:4      | Reached ** piety under Makhleb
  3113 | D:4      | Reached skill level 5 in Spellcasting
  3113 | D:4      | Reached skill level 5 in Conjurations
  3113 | D:4      | Reached skill level 5 in Hexes
  3113 | D:4      | Reached skill level 5 in Summonings
  3113 | D:4      | Reached skill level 5 in Necromancy
  3113 | D:4      | Reached skill level 5 in Translocations
  3113 | D:4      | Reached skill level 5 in Fire Magic
  3113 | D:4      | Reached skill level 5 in Ice Magic
  3113 | D:4      | Reached skill level 5 in Air Magic
  3113 | D:4      | Reached skill level 5 in Earth Magic
  3113 | D:4      | Reached skill level 5 in Alchemy
  3444 | D:4      | Found a staircase to the Ecumenical Temple.
  3516 | D:4      | Killed Natasha
  3517 | D:4      | Reached XP level 7. HP: 34/45 MP: 0/0
  3517 | D:4      | Learned a level 3 spell: Vampiric Draining
  3682 | D:5      | Entered Level 5 of the Dungeon
  3714 | D:5      | Noticed a water moccasin
  3738 | D:5      | Killed a water moccasin
  4073 | D:5      | Reached XP level 8. HP: 35/50 MP: 0/0
  4076 | D:5      | Noticed Duvessa
  4100 | D:5      | Killed Duvessa
  4222 | D:5      | Noticed Dowan
  4227 | D:5      | Killed Dowan
  4535 | D:5      | Found a basalt altar of Yredelemnul.
  4799 | D:6      | Found a sand-covered staircase.
  4805 | Ossuary  | Entered an ossuary
  4817 | Ossuary  | Reached *** piety under Makhleb
  5002 | Ossuary  | Reached XP level 9. HP: 51/56 MP: 0/0
  5002 | Ossuary  | Learned a level 4 spell: Dimensional Bullseye
  5162 | Ossuary  | Reached skill level 1 in Fighting
  5751 | D:6      | Found a sparkling altar of Nemelex Xobeh.
  6484 | D:6      | Reached **** piety under Makhleb
  6682 | D:7      | Found a blossoming altar of Fedhas.
  6826 | D:7      | Found a broken altar of Ashenzari.
  6925 | D:7      | Reached XP level 10. HP: 62/63 MP: 0/0
  6952 | D:7      | Noticed a brown ugly thing
  7422 | D:7      | Found Nihyn's Book Shoppe.
  7656 | D:7      | Reached skill level 10 in Spellcasting
  7656 | D:7      | Reached skill level 10 in Conjurations
  7656 | D:7      | Reached skill level 10 in Hexes
  7656 | D:7      | Reached skill level 10 in Summonings
  7656 | D:7      | Reached skill level 10 in Necromancy
  7656 | D:7      | Reached skill level 10 in Translocations
  7656 | D:7      | Reached skill level 10 in Fire Magic
  7656 | D:7      | Reached skill level 10 in Ice Magic
  7656 | D:7      | Reached skill level 10 in Air Magic
  7656 | D:7      | Reached skill level 10 in Earth Magic
  7656 | D:7      | Reached skill level 10 in Alchemy
  8063 | D:7      | Killed a brown ugly thing
  8364 | D:7      | Found an opulent altar of Gozag.
  8642 | D:8      | Found Carevath's Weapon Boutique.
  8757 | D:8      | Found Liygo's Assorted Antiques.
  8766 | D:8      | Bought a scroll of identify for 54 gold pieces
  8766 | D:8      | Bought a scroll labelled ZOKHOICAWA for 27 gold pieces
  8766 | D:8      | Bought a scroll of identify for 54 gold pieces
  8783 | D:8      | Found a hide-covered altar of Uskayaw.
  8871 | D:8      | Found Mico Xau's Weapon Boutique.
  8900 | D:8      | Found a glowing silver altar of Zin.
  8918 | D:8      | Noticed Jeremiah
  8932 | D:8      | HP: 3/64 [Jeremiah/divine providence (9)]
  8932 | D:8      | Killed from afar by an acid dragon

Illustrated notes

Levels and vault maps discovered:
D:1:      lemuel_arrival_cross, layout_basic, hangedman_decor_growths,
          hangedman_decor_points
D:2:      minmay_skewed_foursquare, layout_basic, basic_altar
D:3:      layout_loops_ring, nicolae_elyvilon_temple_path, serial_park_tiny_1
D:4:      layout_loops_ring, lemuel_tele_altar, minmay_temple_entry_nine_rooms,
          chequers_serial_rivers_large_b, uniq_natasha
D:5:      layout_rooms, kennysheep_mini_moat, corexii_corridor_pit, uniq_duvessa
D:6:      layout_loops_corners, lemuel_doored_altar,
          nicolae_overflow_hidden_temple, serial_bayou, serial_bayou_crossing,
          serial_bayou_pond_c, serial_bayou_ford_a, serial_bayou_pond_d,
          serial_bayou_pond_a, nicolae_ossuary_entry_plus, minmay_ogre_servants
D:7:      layout_basic, mainiacjoe_overflow_brackets,
          nicolae_overflow_two_pavilions, nicolae_ashenzari_panopticon,
          serial_shops, shop_fountains, minmay_shattered_shrine
D:8:      layout_rooms, nicolae_uskayaw_murder_on_the_dancefloor,
          nicolae_ru_sacrificial_ziggurat, lemuel_coloured_pillars_altar,
          mainiacjoe_overflow_boulevard, serial_shops, shop,
          nicolae_shop_window_shopping, shop, shop, shop,
          nicolae_shop_clearance, uniq_jeremiah

Skill      XL: |  1  2  3  4  5  6  7  8  9 10 |
---------------+-------------------------------+-----
Stealth        | 2 3 4 |  4.5
Spellcasting   | 4 5 6 8 9 11 | 11.2
Conjurations   | 4 5 6 8 9 11 | 11.2
Hexes          | 4 5 6 8 9 11 | 11.2
Summonings     | 4 5 6 8 9 11 | 11.2
Necromancy     | 4 5 6 8 9 11 | 11.2
Translocations | 4 5 6 8 9 11 | 11.2
Fire Magic     | 4 5 6 8 9 11 | 11.2
Ice Magic      | 4 5 6 8 9 11 | 11.2
Air Magic      | 4 5 6 8 9 11 | 11.2
Earth Magic    | 4 5 6 8 9 11 | 11.2
Alchemy        | 4 5 6 8 9 11 | 11.2
Dodging        | 3 4 |  4.4
Fighting       | 1 |  1.9

Action                     |  1- 3 |  4- 6 |  7- 9 | 10-12 || total
---------------------------+-------+-------+-------+-------++-------
  Melee: Flail             |       |       |       |     1 ||     1
         Punch             |       |       |       |     1 ||     1
   Cast: Sandblast         |    25 |     6 |    23 |     2 ||    56
         Shock             |    26 |   109 |    93 |    35 ||   263
         Brom's Barrelling |       |     5 |    61 |    36 ||   102
         Petrify           |       |       |     3 |     4 ||     7
         Vampiric Draining |       |       |     7 |    21 ||    28
         Stone Arrow       |       |       |    14 |     7 ||    21
         Passwall          |       |       |       |     1 ||     1
    Use: Scroll            |       |     3 |     7 |     8 ||    18
         Potion            |       |       |     1 |       ||     1
 Armour: Robe              |     1 |     5 |    35 |    52 ||    93
         Skin              |       |       |     1 |       ||     1
  Dodge: Dodged            |       |     4 |    22 |    42 ||    68
